SA
DELAWARE 1787 BC @ PUT-IN-BAY BC
06/24/2031
 
TOP OF THE 1ST
Delaware 1787 BC batting - Pitching for Put-In-Bay BC : RHP Jorge Vega
Pitching: RHP Jorge Vega
Batting: RHB Kendrick Drumgoole 0-0: Ball
1-0: Foul Ball, location: 2F
1-1: Fly out, F3 (Popup, 34S)
Batting: LHB Hai-feng Tang 0-0: Called Strike
0-1: Foul Ball, location: 2F
0-2: Strikes out looking
Batting: LHB Bryce Abood 0-0: Foul Ball, location: 2F
0-1: Ball
1-1: Called Strike
1-2: Ball
2-2: Foul Ball, location: 2F
2-2: Strikes out swinging
Top of the 1st over - 0 runs, 0 hits, 0 errors, 0 left on base; Delaware 0 - Put-In-Bay 0
BOTTOM OF THE 1ST
Put-In-Bay BC batting - Pitching for Delaware 1787 BC : RHP Matt O'Keevan
Pitching: RHP Matt O'Keevan
Batting: RHB Mario Chávez 0-0: Ball
1-0: Foul Ball, location: 2F
1-1: Ground out 4-3 (Groundball, 4MS)
Batting: RHB Steve Albright 0-0: Ground out 5-3 (Groundball, 56)
Batting: RHB Oscar McMillan 0-0: Ball
1-0: Called Strike
1-1: Fly out, F8 (Flyball, 8RS)
Bottom of the 1st over - 0 runs, 0 hits, 0 errors, 0 left on base; Delaware 0 - Put-In-Bay 0
TOP OF THE 2ND
Delaware 1787 BC batting - Pitching for Put-In-Bay BC : RHP Jorge Vega
Batting: SHB Curt Pack 0-0: SINGLE (Groundball, 6D)
Batting: RHB Gerold Olthof 0-0: Ball
1-0: Called Strike
1-1: Ball
2-1: Foul Ball, location: 2F
2-2: Ball
3-2: Strikes out swinging
Batting: RHB Darryl Reed 0-0: Called Strike
0-1: Foul Ball, location: 2F
0-2: Foul Ball, location: 2F
0-2: Ground out 5-3 (Groundball, 5S)
Curt Pack to second
Batting: RHB Carlos Mendoza 0-0: SINGLE (Line Drive, 6D)
Curt Pack to third
Batting: RHB Félix Ellard 0-0: Fly out, F5 (Line Drive, 5)
Top of the 2nd over - 0 runs, 2 hits, 0 errors, 2 left on base; Delaware 0 - Put-In-Bay 0
BOTTOM OF THE 2ND
Put-In-Bay BC batting - Pitching for Delaware 1787 BC : RHP Matt O'Keevan
Batting: RHB Jorge Alvarado 0-0: Swinging Strike
0-1: Foul Ball, location: 2F
0-2: Ball
1-2: Foul Ball, location: 2F
1-2: Ball
2-2: Foul Ball, location: 2F
2-2: Fly out, F9 (Flyball, 89D)
Batting: SHB Ángel Venegas 0-0: Fly out, F9 (Flyball, 9S)
Batting: RHB Adam Khan 0-0: Ball
1-0: Foul Ball, location: 2F
1-1: SINGLE (Groundball, 56) (infield hit)
Batting: RHB Álex Maroto 0-0: Foul Ball, location: 2F
0-1: Ball
1-1: Ball
2-1: Ball
3-1: Called Strike
3-2: Fly out, F8 (Flyball, 8LM)
Bottom of the 2nd over - 0 runs, 1 hit, 0 errors, 1 left on base; Delaware 0 - Put-In-Bay 0
TOP OF THE 3RD
Delaware 1787 BC batting - Pitching for Put-In-Bay BC : RHP Jorge Vega
Batting: SHB José Trinidad 0-0: Ball
1-0: Ball
2-0: Foul Ball, location: 2F
2-1: Ball
3-1: Base on Balls
Batting: RHB Kendrick Drumgoole 0-0: Ball
1-0: Ball
2-0: Called Strike
2-1: Fly out, F2 (Popup, 2RF)
Batting: LHB Hai-feng Tang 0-0: Ball
José Trinidad is caught stealing 2nd base
1-0: Ground out 4-3 (Groundball, 4)
Top of the 3rd over - 0 runs, 0 hits, 0 errors, 0 left on base; Delaware 0 - Put-In-Bay 0
BOTTOM OF THE 3RD
Put-In-Bay BC batting - Pitching for Delaware 1787 BC : RHP Matt O'Keevan
Batting: LHB Louie Shufflebotham 0-0: Ball
1-0: Ball
2-0: Fly out, F8 (Flyball, 8LS)
Batting: RHB Vic Funnell 0-0: Called Strike
0-1: Ball
1-1: Ball
2-1: SINGLE (Groundball, 15S) (infield hit)
Batting: RHB Mario Chávez 0-0: Fielders Choice at 2nd, 6-4 (Groundball, 6M)
Batting: RHB Steve Albright 0-0: Ball
1-0: Ball
2-0: Swinging Strike
2-1: Ball
3-1: Called Strike
3-2: SINGLE (Line Drive, 7S)
Mario Chávez to second
Mario Chávez to third
Batting: RHB Oscar McMillan 0-0: Ball
1-0: Ball
2-0: Ball
Wild Pitch!
Mario Chávez scores
Steve Albright to second
3-0: Base on Balls
Batting: RHB Jorge Alvarado 0-0: Ball
1-0: Ball
2-0: Fly out, F7 (Flyball, 7)
Bottom of the 3rd over - 1 run, 2 hits, 0 errors, 2 left on base; Delaware 0 - Put-In-Bay 1
TOP OF THE 4TH
Delaware 1787 BC batting - Pitching for Put-In-Bay BC : RHP Parker Ball
Pitching: RHP Parker Ball
Batting: LHB Bryce Abood 0-0: Ball
1-0: Called Strike
1-1: Foul Ball, location: 2F
1-2: Ball
2-2: Strikes out swinging
Batting: SHB Curt Pack 0-0: Swinging Strike
0-1: Ball
1-1: Ball
2-1: DOUBLE (Line Drive, 7LS)
Batting: RHB Gerold Olthof 0-0: Ball
1-0: Ball
2-0: Called Strike
2-1: Foul Ball, location: 2F
2-2: SINGLE (Groundball, 6MD)
Curt Pack to third
Runner from 3rd tries for Home, SAFE, no throw
Batting: RHB Darryl Reed 0-0: Called Strike
0-1: Ball
1-1: Ball
2-1: Ball
3-1: Foul Ball, location: 2F
3-2: Base on Balls
Gerold Olthof to second
Batting: RHB Carlos Mendoza 0-0: Ball
1-0: Ball
2-0: Called Strike
2-1: Swinging Strike
2-2: Foul Ball, location: 2F
2-2: Ball
3-2: Strikes out swinging
Batting: RHB Félix Ellard 0-0: Hit by Pitch
Gerold Olthof to third
Darryl Reed to second
Batting: SHB José Trinidad 0-0: Foul Ball, location: 2F
0-1: Ground out 4-3 (Groundball, 4)
Top of the 4th over - 1 run, 2 hits, 0 errors, 3 left on base; Delaware 1 - Put-In-Bay 1
BOTTOM OF THE 4TH
Put-In-Bay BC batting - Pitching for Delaware 1787 BC : RHP Matt O'Keevan
Batting: SHB Ángel Venegas 0-0: Called Strike
0-1: SINGLE (Groundball, 34D)
Batting: RHB Adam Khan 0-0: Foul Ball, location: 2F
0-1: Ball
1-1: Ball
2-1: Foul Ball, location: 2F
2-2: Ball
3-2: Foul Ball, location: 2F
3-2: Base on Balls
Ángel Venegas to second
Batting: RHB Álex Maroto 0-0: Foul Ball, location: 2F
0-1: Foul Ball, location: 2F
0-2: Ball
1-2: Foul Ball, location: 2F
1-2: Ball
2-2: Foul Ball, location: 2F
2-2: Strikes out looking
Batting: LHB Louie Shufflebotham 0-0: Ball
1-0: Fly out, F6 (Line Drive, 6)
Batting: RHB Vic Funnell 0-0: Called Strike
0-1: Ball
1-1: Foul Ball, location: 2F
1-2: Strikes out looking
Bottom of the 4th over - 0 runs, 1 hit, 0 errors, 2 left on base; Delaware 1 - Put-In-Bay 1
TOP OF THE 5TH
Delaware 1787 BC batting - Pitching for Put-In-Bay BC : RHP Parker Ball
Batting: RHB Kendrick Drumgoole 0-0: Ball
1-0: Foul Ball, location: 2F
1-1: Called Strike
1-2: Ball
2-2: Foul Ball, location: 2F
2-2: Strikes out swinging
Batting: LHB Hai-feng Tang 0-0: Ball
1-0: Ball
2-0: Ball
3-0: Base on Balls
Batting: LHB Bryce Abood 0-0: Swinging Strike
0-1: Called Strike
0-2: Ball
1-2: DOUBLE (Flyball, 89D)
Hai-feng Tang to third
Batting: SHB Curt Pack 0-0: Fly out, F8 (Flyball, 8RXD)
Runner from 3rd tags up, SCORES, no throw
Batting: RHB Gerold Olthof 0-0: Ball
1-0: Ball
2-0: Ball
3-0: Called Strike
3-1: Swinging Strike
3-2: Fly out, F8 (Line Drive, 8RM)
Top of the 5th over - 1 run, 1 hit, 0 errors, 1 left on base; Delaware 2 - Put-In-Bay 1
BOTTOM OF THE 5TH
Put-In-Bay BC batting - Pitching for Delaware 1787 BC : RHP Matt O'Keevan
Batting: RHB Mario Chávez 0-0: Called Strike
0-1: Ball
1-1: Ball
2-1: Bunt missed!
2-2: Fly out, F3 (Popup, 3F)
Batting: RHB Steve Albright 0-0: SOLO HOME RUN (Flyball, 8LD), Distance : 439 ft
Batting: RHB Oscar McMillan 0-0: Called Strike
0-1: Swinging Strike
0-2: Ball
1-2: Strikes out swinging
Batting: RHB Jorge Alvarado 0-0: Ball
1-0: Ball
2-0: Foul Ball, location: 2F
2-1: Ball
3-1: DOUBLE (Line Drive, 89D)
Batting: SHB Ángel Venegas 0-0: Foul Ball, location: 2F
0-1: Called Strike
0-2: Fly out, F8 (Flyball, 8RS)
Bottom of the 5th over - 1 run, 2 hits, 0 errors, 1 left on base; Delaware 2 - Put-In-Bay 2
TOP OF THE 6TH
Delaware 1787 BC batting - Pitching for Put-In-Bay BC : RHP Parker Ball
Batting: RHB Darryl Reed 0-0: Fly out, F8 (Flyball, 8LS)
Batting: RHB Carlos Mendoza 0-0: Called Strike
0-1: Swinging Strike
0-2: Ball
1-2: Foul Ball, location: 2F
1-2: Strikes out swinging
Batting: RHB Félix Ellard 0-0: Ball
1-0: Ground out 4-3 (Groundball, 4)
Top of the 6th over - 0 runs, 0 hits, 0 errors, 0 left on base; Delaware 2 - Put-In-Bay 2
BOTTOM OF THE 6TH
Put-In-Bay BC batting - Pitching for Delaware 1787 BC : RHP Matt O'Keevan
Batting: RHB Adam Khan 0-0: Ball
1-0: Foul Ball, location: 2F
1-1: Ball
2-1: Foul Ball, location: 2F
2-2: Reached on error, E5 (Groundball, 56S)
Batting: RHB Álex Maroto 0-0: Ball
1-0: Sac Bunt - play at first, batter OUT! 1-4
Adam Khan to second
Batting: LHB Louie Shufflebotham 0-0: Called Strike
Adam Khan steals 3rd base
0-1: Fly out, F7 (Line Drive, 7)
Runner from 3rd tags up, SCORES, throw made
Batting: RHB Vic Funnell 0-0: Ball
1-0: Called Strike
1-1: SINGLE (Groundball, 6MD)
Pitching: RHP Amando Codes
Batting: RHB Mario Chávez 0-0: Ball
1-0: Ball
2-0: Ball
3-0: Called Strike
3-1: Base on Balls
Vic Funnell to second
Batting: RHB Steve Albright 0-0: Swinging Strike
0-1: Ball
1-1: Fly out, F7 (Flyball, 78S)
Bottom of the 6th over - 1 run, 1 hit, 1 error, 2 left on base; Delaware 2 - Put-In-Bay 3
TOP OF THE 7TH
Delaware 1787 BC batting - Pitching for Put-In-Bay BC : RHP Parker Ball
Batting: SHB José Trinidad 0-0: Called Strike
0-1: Called Strike
0-2: Ball
1-2: Ball
2-2: Strikes out swinging
Batting: RHB Kendrick Drumgoole 0-0: Ball
1-0: Foul Ball, location: 2F
1-1: Ball
2-1: Foul Ball, location: 2F
2-2: Foul Ball, location: 2F
2-2: Foul Ball, location: 2F
2-2: Foul Ball, location: 2F
2-2: Foul Ball, location: 2F
2-2: SINGLE (Line Drive, 6MD)
Pitching: RHP Gustavo Díaz
Batting: LHB Hai-feng Tang 0-0: Called Strike
0-1: Ball
1-1: Ball
2-1: Fielders Choice at 2nd, 1-6 (Groundball, P)
Batting: LHB Bryce Abood 0-0: Ball
1-0: Ball
2-0: Foul Ball, location: 2F
2-1: Foul Ball, location: 2F
2-2: Foul Ball, location: 2F
2-2: Strikes out looking
Top of the 7th over - 0 runs, 1 hit, 0 errors, 1 left on base; Delaware 2 - Put-In-Bay 3
BOTTOM OF THE 7TH
Put-In-Bay BC batting - Pitching for Delaware 1787 BC : RHP Amando Codes
Batting: RHB Oscar McMillan 0-0: Ball
1-0: Ball
2-0: Fly out, F3 (Popup, 3S)
Batting: RHB Jorge Alvarado 0-0: Called Strike
0-1: Ball
1-1: Fly out, F7 (Flyball, 7S)
Batting: SHB Ángel Venegas 0-0: Fly out, F5 (Popup, 56S)
Bottom of the 7th over - 0 runs, 0 hits, 0 errors, 0 left on base; Delaware 2 - Put-In-Bay 3
TOP OF THE 8TH
Delaware 1787 BC batting - Pitching for Put-In-Bay BC : RHP Gustavo Díaz
Now in CF: Hyun-hi Choung
Batting: SHB Curt Pack 0-0: Ball
1-0: Ball
2-0: Foul Ball, location: 2F
2-1: Foul Ball, location: 2F
2-2: Foul Ball, location: 2F
2-2: Foul Ball, location: 2F
2-2: Ball
3-2: Strikes out swinging
Batting: RHB Gerold Olthof 0-0: Ball
1-0: Ball
2-0: Ball
3-0: SOLO HOME RUN (Flyball, 7LD), Distance : 344 ft
Pinch Hitting: RHB Elwiin Hund 0-0: Called Strike
0-1: Foul Ball, location: 2F
0-2: Ball
1-2: Ball
2-2: Ball
3-2: Foul Ball, location: 2F
3-2: Fly out, F4 (Line Drive, 4M)
Batting: RHB Carlos Mendoza 0-0: Called Strike
0-1: Foul Ball, location: 2F
0-2: Strikes out swinging
Top of the 8th over - 1 run, 1 hit, 0 errors, 0 left on base; Delaware 3 - Put-In-Bay 3
BOTTOM OF THE 8TH
Put-In-Bay BC batting - Pitching for Delaware 1787 BC : RHP Amando Codes
Now in LF: Senichi Ito
Pinch Hitting: LHB Pablo Martínez 0-0: Called Strike
0-1: Foul Ball, location: 2F
0-2: SINGLE (Groundball, 4MD)
Pinch Runner at 1st Alfie Hollington:
Batting: RHB Álex Maroto 0-0: Ball
1-0: Bunted foul
1-1: Ball
2-1: Sac Bunt - play at first, batter OUT! 3-4
Alfie Hollington to second
Batting: LHB Louie Shufflebotham 0-0: Ball
1-0: Ball
2-0: Ball
3-0: Called Strike
3-1: Base on Balls
Pinch Hitting: RHB Matt Cleveland 0-0: Called Strike
0-1: Fly out, F8 (Flyball, 89D)
Runner from 2nd tags up, SAFE at 3rd, no throw
Batting: RHB Mario Chávez 0-0: Ball
1-0: Fly out, F8 (Flyball, 8LD)
Bottom of the 8th over - 0 runs, 1 hit, 0 errors, 2 left on base; Delaware 3 - Put-In-Bay 3
TOP OF THE 9TH
Delaware 1787 BC batting - Pitching for Put-In-Bay BC : RHP Gustavo Díaz
Pitching: RHP Tupac Blanch
Now in CF: Alfie Hollington
Now in RF: Matt Cleveland
Batting: RHB Félix Ellard 0-0: Ball
1-0: Foul Ball, location: 2F
1-1: Called Strike
1-2: Foul Ball, location: 2F
1-2: Ball
2-2: Ball
3-2: Strikes out swinging
Pinch Hitting: SHB Chris Hansen 0-0: Called Strike
0-1: SINGLE (Line Drive, 3D)
Batting: RHB Kendrick Drumgoole 0-0: Called Strike
0-1: Ball
1-1: Ground out 4-3 (Groundball, 4MS)
Chris Hansen to second
Batting: LHB Hai-feng Tang 0-0: Called Strike
0-1: Called Strike
0-2: Ball
1-2: Ball
2-2: Ball
3-2: Strikes out swinging
Top of the 9th over - 0 runs, 1 hit, 0 errors, 1 left on base; Delaware 3 - Put-In-Bay 3
BOTTOM OF THE 9TH
Put-In-Bay BC batting - Pitching for Delaware 1787 BC : RHP Amando Codes
Now at SS: Sergio Zacagnini
Batting: RHB Steve Albright 0-0: Ball
1-0: Ball
2-0: Fly out, F8 (Flyball, 8LS)
Batting: RHB Hyun-hi Choung 0-0: Ball
1-0: SINGLE (Groundball, 56) (infield hit)
Batting: RHB Jorge Alvarado 0-0: Called Strike
0-1: Foul Ball, location: 2F
0-2: Fly out, F1 (Line Drive, 15)
Batting: SHB Ángel Venegas 0-0: Ball
1-0: Called Strike
1-1: Ball
2-1: Called Strike
2-2: Ball
3-2: Foul Ball, location: 2F
3-2: Ground out 4-3 (Groundball, 4S)
Bottom of the 9th over - 0 runs, 1 hit, 0 errors, 1 left on base; Delaware 3 - Put-In-Bay 3
TOP OF THE 10TH
Delaware 1787 BC batting - Pitching for Put-In-Bay BC : RHP Tupac Blanch
Batting: LHB Bryce Abood 0-0: Ball
1-0: Swinging Strike
1-1: Ball
2-1: Foul Ball, location: 2F
2-2: Foul Ball, location: 2F
2-2: Foul Ball, location: 2F
2-2: Ball
3-2: Fly out, F7 (Flyball, 7LSF)
Batting: SHB Curt Pack 0-0: Ball
1-0: Fly out, F5 (Popup, 6S)
Batting: RHB Gerold Olthof 0-0: Called Strike
0-1: Foul Ball, location: 2F
0-2: Ball
1-2: Foul Ball, location: 2F
1-2: Strikes out swinging
Top of the 10th over - 0 runs, 0 hits, 0 errors, 0 left on base; Delaware 3 - Put-In-Bay 3
BOTTOM OF THE 10TH
Put-In-Bay BC batting - Pitching for Delaware 1787 BC : RHP Amando Codes
Batting: RHB Alfie Hollington 0-0: Swinging Strike
0-1: Ball
1-1: Ball
2-1: Ball
3-1: SINGLE (Groundball, 25) (infield hit)
Batting: RHB Álex Maroto 0-0: Bunt missed!
0-1: Sac Bunt - play at first, batter OUT! 5-4
Alfie Hollington to second
Batting: LHB Louie Shufflebotham 0-0: Ground out 4-3 (Groundball, 4S)
Alfie Hollington to third
Batting: RHB Matt Cleveland 0-0: Ball
1-0: Ball
2-0: Swinging Strike
2-1: Called Strike
2-2: Strikes out swinging
Bottom of the 10th over - 0 runs, 1 hit, 0 errors, 1 left on base; Delaware 3 - Put-In-Bay 3
TOP OF THE 11TH
Delaware 1787 BC batting - Pitching for Put-In-Bay BC : RHP Tupac Blanch
Batting: LHB Senichi Ito 0-0: Called Strike
0-1: Foul Ball, location: 2F
0-2: Strikes out swinging
Batting: RHB Carlos Mendoza 0-0: Swinging Strike
0-1: Called Strike
0-2: Foul Ball, location: 2F
0-2: Strikes out swinging
Batting: RHB Félix Ellard 0-0: Called Strike
0-1: Ball
1-1: Foul Ball, location: 2F
1-2: Fly out, F7 (Flyball, 7LSF)
Top of the 11th over - 0 runs, 0 hits, 0 errors, 0 left on base; Delaware 3 - Put-In-Bay 3
BOTTOM OF THE 11TH
Put-In-Bay BC batting - Pitching for Delaware 1787 BC : RHP Amando Codes
Batting: RHB Mario Chávez 0-0: Ball
1-0: Called Strike
1-1: Swinging Strike
1-2: Strikes out swinging
Batting: RHB Steve Albright 0-0: Ball
1-0: Ball
2-0: Foul Ball, location: 2F
2-1: Foul Ball, location: 2F
2-2: Foul Ball, location: 2F
2-2: Ball
3-2: Strikes out swinging
Batting: RHB Hyun-hi Choung 0-0: Swinging Strike
0-1: Called Strike
0-2: Ball
1-2: Ball
2-2: Strikes out swinging
Bottom of the 11th over - 0 runs, 0 hits, 0 errors, 0 left on base; Delaware 3 - Put-In-Bay 3
TOP OF THE 12TH
Delaware 1787 BC batting - Pitching for Put-In-Bay BC : RHP Tupac Blanch
Pinch Hitting: RHB Tomás Cameros 0-0: Called Strike
0-1: Ball
1-1: Called Strike
1-2: Ball
2-2: Strikes out looking
Batting: RHB Kendrick Drumgoole 0-0: Ball
1-0: Ball
2-0: Ball
3-0: Called Strike
3-1: Called Strike
3-2: Base on Balls
Batting: LHB Hai-feng Tang 0-0: Called Strike
0-1: Ball
1-1: Ball
2-1: Swinging Strike
2-2: Ball
3-2: SINGLE (Groundball, 56D)
Kendrick Drumgoole to second
Batting: LHB Bryce Abood 0-0: Foul Ball, location: 2F
0-1: Ball
1-1: SINGLE (Line Drive, 34D)
Kendrick Drumgoole to third
Hai-feng Tang to second
Runner from 3rd tries for Home, throw and OUT!
Pitching: RHP David Sheehan
Batting: SHB Curt Pack 0-0: Fly out, F8 (Flyball, 8LS)
Top of the 12th over - 0 runs, 2 hits, 0 errors, 2 left on base; Delaware 3 - Put-In-Bay 3
BOTTOM OF THE 12TH
Put-In-Bay BC batting - Pitching for Delaware 1787 BC : RHP Amando Codes
Now at 2B: Tobias Jimenez
Batting: RHB Jorge Alvarado 0-0: Ball
1-0: Ball
2-0: Swinging Strike
2-1: SOLO HOME RUN (Flyball, 78XD), Distance : 397 ft
GAME OVER ... PUT
In-Bay defeats Delaware, 4 to 3
Tuesday, June 12th, 2018 - OOTP Baseball 18.8 Build 76